 Dungeon Crawl Stone Soup version 0.22-a0-409-gb855193 (webtiles) character file.

3861 Borgoz the Cleaver (level 10, -4/57 HPs)
             Began as a Gargoyle Fighter on May 10, 2018.
             Was a Follower of Ashenzari.
             Slain by a two-headed ogre
             ... wielding a +0 giant spiked club
              (11 damage)
             ... on level 7 of the Dungeon.
             The game lasted 00:22:30 (9418 turns).

Borgoz the Cleaver (Gargoyle Fighter)               Turns: 9418, Time: 00:22:31

Health: -4/57      AC: 16    Str: 19    XL:     10   Next: 18%
Magic:  10/10      EV:  8    Int: 12    God:    Ashenzari [*.....]
Gold:   499        SH: 11    Dex: 12    Spells: 9/9 levels left

rFire    + . .     SeeInvis .   d - -2 war axe (curse)
rCold    . . .     Gourm    .   c - +0 shield
rNeg     + . .     Faith    .   b - +1 scale mail
rPois    ∞         Spirit   .   (no helmet)
rElec    +         Reflect  .   (no cloak)
rCorr    .         Harm     .   (no gloves)
MR       .....                  (no boots)
Stlth    ..........             (no amulet)
HPRegen  0.19/turn              l - -2 ring of dexterity (curse)
MPRegen  0.12/turn              p - ring of protection from fire

@: no status effects
A: agile 1, clever 1, frail 1, negative energy resistance 1, electricity
resistance, wild magic 2, unbreathing, evolution 1, petrification resistance,
rot immunity, AC +7
a: Curse Item, Scrying, Renounce Religion


You were on level 7 of the Dungeon.
You worshipped Ashenzari.
Ashenzari was aware of your devotion.
You were not hungry.

You visited 2 branches of the dungeon, and saw 9 of its levels.
You also visited: Sewer.

You collected 499 gold pieces.

Inventory:

Hand Weapons
 d - a cursed -2 war axe (weapon)
 g - a +2 whip of freezing
 s - a +0 antimagic war axe
Missiles
 n - a throwing net (quivered)
Armour
 b - a +1 scale mail (worn)
 c - a +0 shield (worn)
Jewellery
 h - an uncursed ring of magical power
 l - a cursed -2 ring of dexterity (left hand)
 p - a ring of protection from fire (right hand)
 x - an uncursed ring of positive energy
Wands
 r - a wand of digging (12)
 v - a wand of iceblast (9)
 w - a wand of disintegration (7)
Scrolls
 e - 4 scrolls of enchant armour
 i - 5 scrolls of teleportation
 j - 4 scrolls of identify
 k - 3 scrolls of fog
 o - 3 scrolls of amnesia
 q - a scroll of enchant weapon
 t - 2 scrolls of blinking
 u - a scroll of fear
Potions
 m - 2 potions of mutation
 A - a potion of magic
Comestibles
 f - 8 rations


   Skills:
 + Level 7.8 Fighting
 * Level 8.6 Axes
 + Level 7.8 Armour
 + Level 7.8 Shields


You had 9 spell levels left.
You didn't know any spells.

Dungeon Overview and Level Annotations

Branches:
Dungeon (8/15)             Temple (1/1) D:7
   Lair: D:8-11

Altars:
Ashenzari
Cheibriados
Elyvilon
Fedhas
Gozag
Hepliaklqana
Kikubaaqudgha
Makhleb
Nemelex Xobeh
Okawaru
Qazlal
Ru
Sif Muna
Trog
Uskayaw
Vehumet
Wu Jian
Xom
Yredelemnul
Zin
The Shining One

Shops:
D:6 }   D:8 !


Innate Abilities, Weirdness & Mutations

You are resistant to torment.
Your stone body is resilient. (AC +7)
You are immune to poison.
You resist negative energy. (rN+)
You are resistant to electric shocks. (rElec)
You can survive without breathing.
You are immune to petrification.
You are immune to rotting.
You are agile. (Dex +2)
Your mind is acute. (Int +2)
You are frail. (-10% HP)
Your spells are harder to cast, but more powerful.
You evolve.


Message History

The two-headed ogre hits you but does no damage.
The two-headed ogre hits you with a giant club!
* * * LOW HITPOINT WARNING * * *
You slash the two-headed ogre!
The two-headed ogre is severely wounded.
You block the two-headed ogre's attack.
The two-headed ogre hits you with a giant club!
* * * LOW HITPOINT WARNING * * *
You hit the two-headed ogre but do no damage.
The two-headed ogre is severely wounded.
You block the two-headed ogre's attack. The two-headed ogre barely misses you.
You hit the two-headed ogre but do no damage.
The two-headed ogre is severely wounded.
You hit the two-headed ogre.
The two-headed ogre is almost dead.
The two-headed ogre barely misses you. You block the two-headed ogre's attack.
Your scale mail prevents you from hitting the two-headed ogre.
The two-headed ogre is almost dead.
The two-headed ogre hits you with a giant spiked club!
You die...

#.# #.# #.##################
#.# #.# #..............# # #.#
#.# #..###########.# # #.#
##.####..###########.# #
#.###.)..........##......# #
#........[.))..#.##......# #
#.###..###.#.............#####
#.# #.......)....##...........
#.# #........@...##..[<.......
#.# #.##...###O#.####.##.####.
####.# #.##.#####....###.##.#
#. .....# #....#
#.......##.##.# #. ######
#.##.###........#.##.# #.
#.##.#.............#.## #.
#.##.#..........##....####
#..............###........
####.#........## ##...####


You could see a two-headed ogre.

Vanquished Creatures
  Pikel (D:4)
  The ghost of B1inky the Destroyer, a novice OpCj of Vehumet (D:7)
  A wyvern (D:8)
  2 sky beasts
  2 phantoms
  4 ogres
  A slave (D:4)
  2 centaurs
  A crocodile (Sewer)
  4 bullfrogs
  A water moccasin zombie (D:5)
  2 scorpions
  4 wights (D:8)
  An electric eel (D:7)
  A howler monkey (D:7)
  3 crimson imps
  A quasit (D:8)
  2 bullfrog zombies (D:5)
  2 bullfrog skeletons
  A gnoll shaman (D:7)
  7 orc priests
  A hound (D:5)
  2 iguanas
  4 orc wizards
  Terence (D:3)
  5 worker ants
  A hound skeleton (D:8)
  A howler monkey zombie (D:6)
  A worker ant zombie (D:8)
  6 gnolls
  11 adders
  3 shadow imps
  2 adder zombies
  2 worms
  A dart slug (D:1)
  7 leopard geckos
  33 orcs
  5 giant cockroaches
  7 hobgoblins
  25 jackals
  7 kobolds
  3 quokkas
  6 ball pythons
  8 bats
  5 frilled lizards
  A giant cockroach zombie (D:5)
  15 goblins
  A jackal skeleton (D:7)
  A leopard gecko zombie (D:6)
  6 rats
215 creatures vanquished.

Vanquished Creatures (others)
  Robin (D:4)
1 creature vanquished.

Grand Total: 216 creatures vanquished

Notes
Turn   | Place    | Note
-------+----------+-------------------------------------------
     0 | D:1      | Borgoz the Gargoyle Fighter began the quest for the Orb.
     0 | D:1      | Reached XP level 1. HP: 14/14 MP: 1/1
   388 | D:1      | Reached skill level 2 in Axes
   501 | D:1      | Reached XP level 2. HP: 13/19 MP: 2/2
   762 | D:1      | Reached XP level 3. HP: 21/23 MP: 3/3
  1411 | D:2      | Reached XP level 4. HP: 29/29 MP: 4/4
  2039 | D:3      | Found a glowing drain.
  2052 | D:3      | Reached skill level 3 in Axes
  2084 | Sewer    | Entered a sewer
  2184 | Sewer    | Noticed a crocodile
  2191 | Sewer    | Killed a crocodile
  2191 | Sewer    | Reached XP level 5. HP: 12/33 MP: 5/5
  3036 | D:3      | Noticed Terence
  3046 | D:3      | Killed Terence
  3046 | D:3      | Reached XP level 6. HP: 38/38 MP: 6/6
  3220 | D:4      | Found a snail-covered altar of Cheibriados.
  3235 | D:4      | Noticed Robin
  3593 | D:4      | Reached skill level 4 in Axes
  3628 | D:4      | Found an ornate altar of the Wu Jian Council.
  3667 | D:4      | Noticed a slave
  3669 | D:4      | Noticed a slave
  3669 | D:4      | Noticed a slave
  3670 | D:4      | Noticed Pikel
  3670 | D:4      | Noticed a slave
  3676 | D:4      | Killed a slave
  3684 | D:4      | Killed Pikel
  3684 | D:4      | Reached skill level 5 in Fighting
  3684 | D:4      | Reached skill level 5 in Axes
  3684 | D:4      | Reached skill level 5 in Armour
  3684 | D:4      | Reached skill level 5 in Shields
  3684 | D:4      | Reached XP level 7. HP: 40/44 MP: 7/7
  3797 | D:4      | Found a basalt altar of Yredelemnul.
  3881 | D:4      | Killed Robin
  3975 | D:4      | Reached XP level 8. HP: 46/49 MP: 8/8
  4069 | D:4      | Found a white marble altar of Elyvilon.
  4148 | D:5      | Entered Level 5 of the Dungeon
  4501 | D:5      | Gained mutation: You are agile. (Dex +2) [potion of mutation]
  4501 | D:5      | Gained mutation: You are frail. (-10% HP) [potion of mutation]
  4501 | D:5      | Gained mutation: Your spells are a little harder to cast, but a little more powerful. [potion of mutation]
  4501 | D:5      | Gained mutation: You evolve. [potion of mutation]
  5087 | D:5      | Reached skill level 6 in Axes
  5289 | D:6      | Gained mutation: Your mind is acute. (Int +2) [evolution]
  5381 | D:6      | Found Cyuseiti's Gadget Emporium.
  5482 | D:6      | Found a shimmering altar of Xom.
  5644 | D:6      | Reached XP level 9. HP: 12/50 MP: 9/9
  6458 | D:6      | Reached skill level 7 in Axes
  6474 | D:7      | Noticed B1inky's ghost (novice OpCj)
  6620 | D:7      | Killed B1inky's ghost
  6620 | D:7      | HP: 1/75 [gnoll/spear (3)]
  6726 | D:7      | Gained mutation: Your spells are harder to cast, but more powerful. [evolution]
  7291 | D:7      | Found a staircase to the Ecumenical Temple.
  7308 | Temple   | Entered the Ecumenical Temple
  7345 | Temple   | Became a worshipper of Ashenzari the Shackled
  7382 | D:7      | Identified the +6 mace "Suvicwem" {elec, -Tele rN+++ Int-5 Stlth+}
  7503 | D:7      | Noticed a two-headed ogre
  8070 | D:8      | Reached skill level 8 in Axes
  8186 | D:8      | Reached XP level 10. HP: 21/56 MP: 10/10
  8509 | D:8      | Found Aly Tuy's Distillery.
  9069 | D:7      | Reached * piety under Ashenzari
  9196 | D:7      | Found a stormy altar of Qazlal.
  9418 | D:7      | Slain by a two-headed ogre

Vault maps used:
D:1:      dpeg_arrival_brainrot
D:2:      first_ration
D:3:      portal_sewer_entry_a, uniq_terence
D:4:      kennysheep_ying_yang, overflow_temple_1_default, lemuel_crystal_altar,
          uniq_robin, uniq_pikel
D:6:      lemuel_ice_spiral_2, xom_teletrap_fun, serial_shops,
          nicolae_shop_behind_doors, lemuel_statue_altar
D:7:      kennysheep_little_box, temple_green, water_maze_lemuel
D:8:      serial_shops, shop_statue
Temple:   eino_wide_crystal_templ
Sewer:    sewer_the_crocodile

Skill      XL: |  1  2  3  4  5  6  7  8  9 |
---------------+----------------------------+-----
Axes           | 2 3 5 6 8 |  8.6
Fighting       | 4 5 6 7 |  7.8
Armour         | 4 5 6 7 |  7.8
Shields        | 4 5 6 7 |  7.8

Action                   |  1- 3 |  4- 6 |  7- 9 | 10-12 || total
-------------------------+-------+-------+-------+-------++-------
Melee: War axe           |    97 |   196 |   617 |   101 ||  1011
Evoke: Wand              |       |       |     1 |       ||     1
  Use: Scroll            |       |    10 |     4 |     1 ||    15
       Potion            |       |     6 |    13 |       ||    19
  Eat: Chunk             |     2 |     7 |    16 |     4 ||    29
Armor: Scale mail        |    44 |   151 |   381 |    76 ||   652
       Skin              |       |       |    11 |       ||    11
Dodge: Dodged            |    32 |    73 |   207 |    51 ||   363
Block: Shield            |    45 |   107 |   386 |    73 ||   611

Table legend:
 A = Spawn XP
 B = Non-spawn XP
 C = Spawn XP percentage of total XP
 D = Spawn monster count
 E = Non-spawn monster count
 F = Spawn count percentage of total count
 G = Total turns spent on level
                    A         B        C        D         E        F      G
               +---------+---------+-------+---------+---------+-------+---------
         Total |       0 |    5517 |   0.0 |       0 |     214 |   0.0 |  9418
               +---------+---------+-------+---------+---------+-------+---------
           D:1 |       0 |      74 |   0.0 |       0 |      34 |   0.0 |  1324
           D:2 |       0 |      41 |   0.0 |       0 |      15 |   0.0 |   715
           D:3 |       0 |     131 |   0.0 |       0 |      20 |   0.0 |  1135
           D:4 |       0 |     848 |   0.0 |       0 |      29 |   0.0 |   885
           D:5 |       0 |     731 |   0.0 |       0 |      25 |   0.0 |  1307
           D:6 |       0 |     843 |   0.0 |       0 |      27 |   0.0 |  1003
           D:7 |       0 |    1443 |   0.0 |       0 |      23 |   0.0 |  1634
           D:8 |       0 |    1291 |   0.0 |       0 |      35 |   0.0 |  1023
         Sewer |       0 |     115 |   0.0 |       0 |       6 |   0.0 |   339
               +---------+---------+-------+---------+---------+-------+---------
